 Dungeon Crawl Stone Soup version 0.24-a0-582-g4d4af813a0 (webtiles) character file.

Game seed: 2866917624957079887

7362 ARAM the Fighter (level 11, 0/75 HPs)
             Began as a Kobold Summoner on Aug 25, 2019.
             Was a Priest of Dithmenos.
             Slain by an unseen horror (6 damage)
             ... on level 11 of the Dungeon on Aug 26, 2019.
             The game lasted 01:21:09 (17363 turns).

ARAM the Fighter (Kobold Summoner)                 Turns: 17363, Time: 01:21:09

Health: 0/75       AC:  6    Str:  6    XL:     11   Next: 35%
Magic:  11/21      EV: 20    Int: 20    God:    Dithmenos [***...]
Gold:   697        SH:  0    Dex: 18    Spells: 8/23 levels left

rFire    . . .     SeeInvis .   v - +2 mace (venom)
rCold    + . .     Gourm    .   (shield restricted)
rNeg     . . .     Faith    .   K - +2 robe {rC+}
rPois    +         Spirit   .   (no helmet)
rElec    .         Reflect  .   (no cloak)
rCorr    .         Harm     .   (no gloves)
MR       .....                  C - +1 pair of boots
Stlth    +++.......             (no amulet)
HPRegen  0.22/turn              F - +3 ring of dexterity
MPRegen  0.17/turn              A - ring of poison resistance

@: about to teleport, marked, wreathed by umbra
A: small, carnivore
a: Shadow Step, Renounce Religion


You were on level 11 of the Dungeon.
You worshipped Dithmenos.
Dithmenos was most pleased with you.
You were full.

You visited 2 branches of the dungeon, and saw 12 of its levels.

You collected 697 gold pieces.

Inventory:

Hand Weapons
 i - a +0 short sword
 v - a +2 mace of venom (weapon)
 Q - the +8 trident of the Wasp {antimagic, *Rage rPois rN+++ Dex-3}
   (You found it on level 9 of the Dungeon)

   It reduces the magical energy of the wielder, and disrupts the spells and
   magical abilities of those hit.
   Natural abilities and divine invocations are not affected.
   It affects your dexterity (-3).
   It protects you from poison.
   It renders you almost immune to negative energy.
   It may make you go berserk in combat.
Missiles
 b - 487 stones (quivered)
 u - 41 poisoned darts
 w - 2 throwing nets
Armour
 a - a +1 robe
 o - a +0 robe of fire resistance
 C - a +1 pair of boots (worn)
 K - a +2 robe of cold resistance (worn)
 M - a +0 troll leather armour
 P - a +2 buckler
Magical Staves
 h - an uncursed staff of earth
 r - an uncursed staff of poison
 L - an uncursed staff of cold
Jewellery
 A - a ring of poison resistance (right hand)
 D - the ring "Fioc Yqa" {rN+ Str+9 Dex+2}
   (You found it on level 7 of the Dungeon)

   [ring of dexterity]

   It affects your strength (+9).
   It affects your dexterity (+2).
   It protects you from negative energy.
 F - a +3 ring of dexterity (left hand)
 U - an uncursed amulet of magic regeneration {unknown}
Wands
 l - a wand of random effects (5)
 x - a wand of enslavement (9)
 y - a wand of flame (24)
 O - a wand of clouds (6)
 S - a wand of paralysis (7)
 T - a wand of polymorph (8)
Scrolls
 d - a scroll of torment {unknown}
 g - 7 scrolls of remove curse
 j - 2 scrolls of fear
 n - 4 scrolls of noise
 p - 3 scrolls of teleportation
 z - a scroll of enchant weapon {unknown}
 E - 3 scrolls of enchant armour
 G - a scroll of amnesia {unknown}
 I - a scroll of fog {unknown}
 J - a scroll of vulnerability {unknown}
 R - a scroll of blinking
 V - a scroll of acquirement {unknown}
Potions
 e - 3 potions of agility
 f - 3 potions of berserk rage
 k - 5 potions of curing
 m - 5 potions of might
 q - 4 potions of lignification
 s - a potion of magic
 t - a potion of ambrosia
 B - 2 potions of flight
 H - a potion of invisibility {unknown}
 N - a potion of brilliance {unknown}
Comestibles
 c - 23 rations
 W - 3 chunks of flesh


   Skills:
 + Level 11.6 Fighting
 - Level 7.0 Dodging
 - Level 2.6 Stealth
 * Level 5.0 Shields
 - Level 6.6 Spellcasting
 - Level 6.0 Summonings
 - Level 6.0 Air Magic


You had 8 spell levels left.
You knew the following spells:

 Your Spells              Type           Power        Failure   Level  Hunger
a - Summon Small Mammal   Summ           ####         1%          1    None
b - Call Imp              Summ           ####....     1%          2    None
c - Call Canine Familiar  Summ           ####....     2%          3    #......
d - Summon Lightning Spi  Summ/Air       ####....     9%          4    ###....
e - Mephitic Cloud        Conj/Pois/Air  ##......     13%         3    #......
f - Blink                 Tloc           N/A          14%         2    None

Your spell library contained the following spells:

 Spells                   Type           Power        Failure   Level  Hunger
 Summon Guardian Golem    Hex/Summ       ###.....     9%          3    #......
 Animate Skeleton         Necr           N/A          10%         1    None
 Magic Dart               Conj           #...         10%         1    None
 Pain                     Necr           #...         10%         1    None
 Slow                     Hex            #.......     14%         2    None
 Conjure Flame            Conj/Fire      #.......     28%         3    #......
 Regeneration             Chrm/Necr      #.........   28%         3    #......
 Vampiric Draining        Necr           #.........   28%         3    #......
 Summon Ice Beast         Ice/Summ       ###.....     28%         4    ###....
 Animate Dead             Necr           N/A          67%         4    ###....


Dungeon Overview and Level Annotations

Branches:
Dungeon (11/15)            Temple (1/1) D:7            Lair (0/6) D:10
    Orc (0/2) D:11

Altars:
Ashenzari
Cheibriados
Dithmenos
Elyvilon
Fedhas
Gozag
Hepliaklqana
Kikubaaqudgha
Makhleb
Nemelex Xobeh
Okawaru
Qazlal
Ru
Sif Muna
Trog
Uskayaw
Vehumet
Wu Jian
Xom
Yredelemnul
Zin
The Shining One

Shops:
D:5 }   D:6 }   D:10 =

Annotations:
D:4 2 runed translucent doors, Skoj's ghost, amateur OpWn
D:6 2 transporters, stripedtigrrr's ghost, novice MiBe
D:8 2 transporters
D:10 2 transporters


Innate Abilities, Weirdness & Mutations

You are small and have problems with some larger weapons.
You are carnivorous and can eat meat at any time.


Message History

Press: ? - help, Dir - move target cursor An electric hum fills the air.
Something hits you. Something closely misses you. Something hits you.
Casting: Summon Lightning Spire (safe; 9% risk of failure)
Confirm with . or Enter, or press ? or * to list all spells.
Something hits you. x2
The quasit bites your lightning spire but does no damage.
The quasit claws your lightning spire but does no damage. x2
Something hits you!
* * * LOW HITPOINT WARNING * * *
As you read the scroll of teleportation, it crumbles to dust.
You feel strangely unstable. Something hits you!
* * * LOW HITPOINT WARNING * * *
Something hits you!
* * * LOW HITPOINT WARNING * * *
The quasit bites your lightning spire but does no damage.
The quasit claws your lightning spire but does no damage. x2
A hungry ghost comes into view.
Something hits you.
You die...

.# ## . .#.# ##.#.#
.. ≈≈...#...
≈......# #####
.....# #.W##..h# .
#.#### #...58@## ..
.###############..#
... #.##8.)....#
##.## [.. .......
#.≈..#####.# #..#
..# ....... .≈≈.##
#.## #.?#..# #......
..≈.# ##.# #...(#
#.... #...# ##.#
##...S# ##... ###.#
#..# ##.....# #S.#
###
#..###..###.#####..#


You could see a hungry ghost, a quasit, an adder, a friendly lightning spire and
a friendly hound.

Vanquished Creatures
  A wyvern (D:10)
  3 yaks (D:10)
  An orc warrior (D:9)
  2 sky beasts
  A slave (D:9)
  A necrophage (D:8)
  An ogre (D:7)
  3 centaurs
  A big kobold (D:10)
  A bullfrog (D:9)
  2 scorpions
  3 howler monkeys (D:7)
  A crimson imp (D:6)
  A bullfrog zombie (D:10)
  2 hounds
  A jelly (D:6)
  An orc priest (D:11)
  4 orc wizards
  4 worker ants
  A hound zombie (D:11)
  2 hound skeletons
  A worker ant zombie (D:7)
  7 adders
  A shadow imp (D:5)
  A white imp (D:11)
  An ooze (D:2)
  A dart slug (D:2)
  3 leopard geckos
  9 orcs
  A ball python (D:4)
  7 giant cockroaches
  5 goblins
  5 hobgoblins
  3 jackals
  4 kobolds
  4 quokkas
  A bat (D:3)
  4 frilled lizards
  A quokka skeleton (D:6)
  5 rats
101 creatures vanquished.

Vanquished Creatures (collateral kills)
  3 two-headed ogres
  Pikel (D:9)
  An ugly thing (D:8)
  Psyche (D:8)
  4 trolls
  2 hippogriffs (D:10)
  4 yaks
  A basilisk (D:10)
  A human (D:8)
  2 hungry ghosts
  A vampire mosquito (D:10)
  3 porcupines (D:10)
  Duvessa (D:5)
  3 sky beasts
  6 ice beasts
  A necrophage (D:10)
  4 orc warriors
  4 ogres
  3 centaurs
  2 crocodiles (D:10)
  7 bullfrogs
  A gnoll sergeant (D:7)
  Dowan (D:5)
  2 scorpions
  4 killer bees (D:9)
  A howler monkey (D:4)
  9 wights
  7 crimson imps
  A bullfrog zombie (D:8)
  A centaur zombie (D:11)
  A hound (D:4)
  A centaur skeleton (D:4)
  4 orc priests
  A gnoll shaman (D:4)
  3 jellies
  A worker ant (D:10)
  Ijyb (D:4)
  3 orc wizards
  6 adders
  13 gnolls
  2 shadow imps
  11 white imps
  2 oozes
  An adder zombie (D:7)
  A worm (D:3)
  A dart slug (D:4)
  2 leopard geckos
  31 orcs
  A giant cockroach (D:1)
  4 hobgoblins
  9 jackals
  3 kobolds (D:1)
  A quokka (D:4)
  A ball python (D:3)
  7 bats
  3 frilled lizards (D:1)
  11 goblins
  A quokka skeleton (D:9)
  5 rats
213 creatures vanquished.

Vanquished Creatures (others)
  A quokka (D:9)
  2 bushes (D:10)
  3 fungi (D:10)
  13 plants (D:10)
19 creatures vanquished.

Grand Total: 333 creatures vanquished

Notes
Turn   | Place    | Note
-------+----------+-------------------------------------------
     0 | D:1      | ARAM the Kobold Summoner began the quest for the Orb.
     0 | D:1      | Reached XP level 1. HP: 10/10 MP: 3/3
   161 | D:1      | Reached skill level 1 in Fighting
   161 | D:1      | Reached XP level 2. HP: 7/16 MP: 5/5
   867 | D:1      | Reached XP level 3. HP: 13/21 MP: 0/7
  1223 | D:2      | Reached skill level 2 in Fighting
  1239 | D:2      | Found a shimmering altar of Xom.
  1496 | D:2      | Learned a level 2 spell: Call Imp
  1500 | D:2      | Learned a level 3 spell: Call Canine Familiar
  1876 | D:2      | Reached XP level 4. HP: 4/27 MP: 7/9
  2131 | D:2      | Found a faded altar of an unknown god.
  3097 | D:3      | Reached skill level 3 in Fighting
  3245 | D:3      | Learned a level 4 spell: Summon Lightning Spire
  3295 | D:3      | Reached XP level 5. HP: 32/32 MP: 10/10
  3819 | D:4      | Reached skill level 1 in Air Magic
  4184 | D:4      | Found an opulent altar of Gozag.
  4339 | D:4      | Found a runed translucent door.
  4339 | D:4      | Noticed a bullfrog
  4340 | D:4      | Noticed Skoj's ghost (amateur OpWn)
  4356 | D:4      | Found a runed translucent door.
  4395 | D:4      | Reached XP level 6. HP: 28/37 MP: 11/11
  4884 | D:4      | Noticed Ijyb
  4909 | D:4      | Killed Ijyb
  5512 | D:5      | Entered Level 5 of the Dungeon
  5610 | D:5      | Reached skill level 5 in Summonings
  5692 | D:5      | Reached skill level 4 in Fighting
  5692 | D:5      | Reached XP level 7. HP: 12/43 MP: 6/12
  6175 | D:5      | Noticed Duvessa
  6175 | D:5      | Noticed Dowan
  6186 | D:5      | Killed Duvessa
  6190 | D:5      | Killed Dowan
  7079 | D:6      | Found a sparkling altar of Nemelex Xobeh.
  7095 | D:6      | Found a burning altar of Makhleb.
  7095 | D:6      | Found an ancient bone altar of Kikubaaqudgha.
  7117 | D:6      | Found a sacrificial altar of Ru.
  7122 | D:6      | Found a glowing silver altar of Zin.
  7147 | D:6      | Learned a level 3 spell: Mephitic Cloud
  7376 | D:5      | Reached XP level 8. HP: 29/48 MP: 8/13
  7515 | D:5      | Reached skill level 5 in Fighting
  7790 | D:5      | Reached skill level 5 in Air Magic
  7926 | D:6      | Found Kosif's Gadget Emporium.
  9081 | D:6      | Found a glowing golden altar of the Shining One.
  9167 | D:6      | Found a transporter.
  9169 | D:6      | Noticed stripedtigrrr's ghost (novice MiBe)
  9171 | D:6      | Found a transporter.
  9247 | D:6      | Reached skill level 6 in Fighting
  9688 | D:7      | Reached XP level 9. HP: 49/56 MP: 2/14
  9717 | D:7      | Reached skill level 7 in Fighting
 10035 | D:7      | Got a warped glass ring
 10051 | D:7      | Found a blossoming altar of Fedhas.
 10088 | D:7      | Found a staircase to the Ecumenical Temple.
 10097 | Temple   | Entered the Ecumenical Temple
 10175 | Temple   | Became a worshipper of Dithmenos the Shadowed
 10228 | D:7      | Noticed a +0 hand axe
 10229 | D:7      | Noticed a +0 dagger
 10263 | D:7      | Reached skill level 8 in Fighting
 10264 | D:7      | Found a hide-covered altar of Uskayaw.
 10463 | D:7      | Found a shimmering blue altar of Sif Muna.
 10575 | D:8      | Found a snail-covered altar of Cheibriados.
 10715 | D:8      | Noticed a slime creature
 10716 | D:8      | Found a transporter.
 10716 | D:8      | Noticed a slime creature
 10716 | D:8      | Noticed a slime creature
 10739 | D:8      | Found the ring of Shadows {Umbra +Inv Stlth+}
 10739 | D:8      | Found a transporter.
 10827 | D:8      | Noticed a slime creature
 10827 | D:8      | Noticed a slime creature
 10887 | D:8      | Reached skill level 9 in Fighting
 11230 | D:8      | Noticed Psyche
 11240 | D:8      | Killed Psyche
 11259 | D:8      | Noticed a white ugly thing
 11275 | D:8      | Killed a white ugly thing
 11544 | D:9      | Noticed a troll
 11748 | D:9      | Noticed a troll
 11830 | D:9      | Noticed a troll
 11843 | D:9      | Killed a troll
 11987 | D:9      | Reached * piety under Dithmenos
 12077 | D:9      | Killed a troll
 12077 | D:9      | Reached skill level 5 in Spellcasting
 12077 | D:9      | Reached XP level 10. HP: 67/67 MP: 8/17
 12514 | D:9      | Reached skill level 5 in Dodging
 12581 | D:9      | Noticed Pikel
 12627 | D:9      | Reached skill level 10 in Fighting
 12797 | D:9      | Killed Pikel
 12802 | D:9      | Noticed a two-headed ogre
 12813 | D:9      | Killed a two-headed ogre
 12931 | D:9      | Noticed a two-headed ogre
 12980 | D:9      | Killed a two-headed ogre
 13264 | D:9      | Got a polished trident
 13541 | D:9      | Identified the ring "Fioc Yqa" {rN+ Str+9 Dex+2} (You found
                  | it on level 7 of the Dungeon)
 13567 | D:10     | Entered Level 10 of the Dungeon
 13571 | D:10     | Found Jiolakef's Jewellery Shop.
 13834 | D:10     | Reached skill level 1 in Shields
 13899 | D:10     | Found a staircase to the Lair.
 14150 | D:10     | Reached skill level 11 in Fighting
 14150 | D:10     | Reached XP level 11. HP: 42/74 MP: 13/21
 14629 | D:10     | Reached ** piety under Dithmenos
 14635 | D:10     | Found a transporter.
 14666 | D:10     | Noticed a two-headed ogre
 14691 | D:10     | Killed a two-headed ogre
 14784 | D:10     | Noticed an orc sorcerer
 14784 | D:10     | Noticed an orc high priest
 14997 | D:10     | Found a transporter.
 15162 | D:10     | Identified the +8 trident of the Wasp {antimagic, *Rage
                  | rPois rN+++ Dex-3} (You found it on level 9 of the Dungeon)
 15765 | D:11     | Found a staircase to the Orcish Mines.
 15765 | D:11     | Found a frozen archway.
 15807 | D:10     | Upgraded the game from 0.24-a0-581-gc0fa6600bf to
                  | 0.24-a0-582-g4d4af813a0
 16927 | D:11     | Learned a level 2 spell: Blink
 17048 | D:11     | Reached *** piety under Dithmenos
 17204 | D:11     | Reached skill level 5 in Shields
 17363 | D:11     | Slain by an unseen horror

Levels and vault maps discovered:
D:1:      saegor_arrival_simple_c, layout_basic, minmay_pentomino_t4
D:2:      layout_rooms, xom_butterflies, chequers_ecumenical_altar_twisty,
          first_ration, uniq_robin
D:3:      layout_loops_corners
D:4:      kennysheep_goblin_castle, layout_basic, grunt_gozag_breadcrumbs,
          ebering_ghost_sewer_f
D:5:      lemuel_ice_spiral_2, layout_basic, portal_sewer_entry_f,
          nrook_mini_vaults, grunt_decor_cap, uniq_duvessa
D:6:      layout_rooms, tso_oasis_becter, minmay_overflow_temple_star_hex,
          serial_shops, shop, gammafunk_ghost_smash, dk_noncrumbling_3
D:7:      layout_cave_pools, nicolae_overflow_crystal_walls,
          dancing_weapons_uskayaw, lemuel_crystal_altar, temple_fountains
D:8:      gammafunk_jiyva_shrine, layout_basic, cheibriados_altar_1,
          grunt_pizzeria, uniq_psyche
D:9:      minmay_imperfect_grid, layout_cave_pods, uniq_pikel
D:10:     gammafunk_wand_slinger, layout_loops_corners, minmay_lair_entry_grove,
          serial_shops, shop_coins, grunt_ministairs_12, minmay_misc_feat_tiny,
          minmay_increasing_density
D:11:     layout_layer_cave, orc_0_dummy, portal_ice_cave_entry_imps,
          serial_rivers, chequers_serial_rivers_small_a,
          chequers_serial_rivers_small_b, chequers_serial_rivers_micro_a,
          chequers_serial_rivers_micro_d, chequers_serial_rivers_micro_b,
          chequers_serial_rivers_micro_c, nicolae_qazlal_general_emergency
Temple:   cyrus_temple_forest

Skill      XL: |  1  2  3  4  5  6  7  8  9 10 11 |
---------------+----------------------------------+-----
Fighting       | 1 2 3 4 6 9 11 | 11.6
Spellcasting   | 3 5 6 |  6.6
Air Magic      | 1 3 4 6 |  6.0
Summonings     | 5 6 |  6.0
Dodging        | 4 7 |  7.0
Shields        | 2 5 |  5.0
Stealth        | |  2.6

Action                   |  1- 3 |  4- 6 |  7- 9 | 10-12 || total
-------------------------+-------+-------+-------+-------++-------
Melee: Unarmed           |    52 |       |       |       ||    52
       Short sword       |    68 |   151 |       |       ||   219
       Mace              |       |    18 |   186 |   139 ||   343
Throw: Stone             |       |       |       |     7 ||     7
 Cast: Summon Small Mamm |    27 |     1 |     3 |     4 ||    35
       Call Imp          |       |    45 |    55 |       ||   100
       Call Canine Famil |       |     1 |    31 |    29 ||    61
       Mephitic Cloud    |       |       |     5 |     2 ||     7
       Summon Lightning  |       |       |    16 |    63 ||    79
Evoke: Wand              |       |       |     2 |       ||     2
  Use: Scroll            |       |     9 |     4 |     7 ||    20
 Stab: Sleeping          |     4 |     5 |       |     2 ||    11
       Distracted        |     1 |     5 |     2 |     4 ||    12
       Confused          |       |       |     1 |       ||     1
  Eat: Chunk             |    12 |    12 |    31 |    30 ||    85
Armor: Robe              |    20 |    19 |    61 |    27 ||   127
Dodge: Dodged            |   123 |   177 |   186 |   260 ||   746

Table legend:
 A = Non-vault XP
 B = Vault XP
 C = Vault XP percentage of total XP
 D = Non-vault monster count
 E = Vault monster count
 F = Vault count percentage of total count
                 A         B        C        D         E       F
            +---------+---------+-------+---------+---------+-------
      Total |    5807 |    4711 |  44.8 |     234 |      79 |  25.2
            +---------+---------+-------+---------+---------+-------
        D:1 |      28 |       3 |   9.7 |      24 |       3 |  11.1
        D:2 |      52 |       0 |   0.0 |      14 |       0 |   0.0
        D:3 |      71 |       0 |   0.0 |      29 |       0 |   0.0
        D:4 |     236 |      34 |  12.6 |      23 |      11 |  32.4
        D:5 |     495 |     183 |  27.0 |      19 |       6 |  24.0
        D:6 |     534 |       0 |   0.0 |      29 |       0 |   0.0
        D:7 |     827 |       0 |   0.0 |      22 |       0 |   0.0
        D:8 |     692 |     416 |  37.5 |      10 |       3 |  23.1
        D:9 |     687 |    2299 |  77.0 |      22 |      23 |  51.1
       D:10 |    1644 |    1729 |  51.3 |      24 |      25 |  51.0
       D:11 |     541 |      47 |   8.0 |      18 |       8 |  30.8
            +---------+---------+-------+---------+---------+-------
